 Dungeon Crawl Stone Soup version 0.29.1-14-g9c671dbff4 (webtiles) character file.

Game seed: 6507120719666068587

1290 Ashen the Ogre Mage (level 8, 0/76 (79) HPs)
             Began as an Ogre Summoner on Feb 14, 2023.
             Slain by an adder (3 damage)
             ... on level 6 of the Dungeon.
             The game lasted 00:29:11 (6924 turns).

Ashen the Ogre Mage (Ogre Summoner)                 Turns: 6924, Time: 00:29:12

HP:   0/76 (79)     AC:  4    Str: 18    XL:     8   Next: 55%
MP:   9/17          EV: 10    Int: 20    God:
Gold: 293           SH:  0    Dex: 10    Spells: 6/19 levels left

rFire   . . .      SeeInvis .   l - +0 flail
rCold   . . .      Faith    .   (no shield)
rNeg    . . .      Spirit   .   a - +0 robe
rPois   +          Reflect  .   (helmet restricted)
rElec   .          Harm     .   o - +0 cloak
rCorr   .          Rampage  .   (gloves unavailable)
Will    +....      Clarity  +   (boots unavailable)
Stlth   ++........              (no amulet)
HPRegen 0.22/turn               n - ring of flight
MPRegen 0.15/turn               v - +6 ring of strength

@: brilliant, lethally poisoned (0 -> -4), flying, lightly drained
A: large, unfitting armour, tough skin 1, clarity, clever 1, strong-willed 1,
poison resistance
a: no special abilities


You were on level 6 of the Dungeon.
You visited 1 branch of the dungeon, and saw 6 of its levels.

You collected 293 gold pieces.

Inventory:

Hand Weapons
 k - a +1 dagger of venom
 l - a +0 flail (weapon)
 B - a +0 whip of flaming
Armour
 a - a +0 robe (worn)
 o - a +0 cloak (worn)
Jewellery
 n - a ring of flight (left hand)
 v - a +6 ring of strength (right hand)
 y - a +4 ring of protection
Wands
 u - a wand of digging (9)
 D - a wand of polymorph (9)
Scrolls
 h - 7 scrolls of teleportation {unknown}
 j - a scroll of fog {unknown}
 p - 2 scrolls of magic mapping {unknown}
 q - a scroll of vulnerability {unknown}
 s - 3 scrolls of identify {unknown}
 z - 2 scrolls of blinking {unknown}
 A - a scroll of enchant armour {unknown}
Potions
 b - a potion of magic
 d - 4 potions of mutation
 f - a potion of might {unknown}
 m - a potion of lignification {unknown}
 t - a potion of haste {unknown}
 w - 2 potions of attraction
 C - a potion of curing {unknown}


   Skills:
 + Level 4.6 Fighting
 + Level 3.1 Maces & Flails
 + Level 3.8 Dodging
 + Level 3.4 Stealth
 * Level 6.4 Spellcasting
 - Level 5.0 Summonings


You had 6 spell levels left.
You knew the following spells:

 Your Spells              Type           Power      Damage    Failure   Level
a - Summon Small Mammal   Summ           100%       N/A       1%          1
b - Call Imp              Summ           39%        N/A       1%          2
c - Call Canine Familiar  Summ           39%        N/A       3%          3
d - Summon Guardian Gole  Hex/Summ       24%        N/A       11%         3
e - Summon Lightning Spi  Summ/Air       24%        N/A       34%         4

Your spell library contained the following spells:

 Spells                   Type           Power      Damage    Failure   Level
 Necrotise                Necr           36%        1d5       10%         1
 Vampiric Draining        Necr           9%         2d6       30%         3
 Agony                    Necr           9%         N/A       95%         5
 Storm Form               Tmut/Air       4%         N/A       100%        7
 Maxwell's Capacitive Co  Air            4%         ∞         100%        8


Dungeon Overview and Level Annotations

Branches:
Dungeon (6/15)
 Temple: D:4-7

Altars:
Ashenzari
Ru

Shops:
D:3 =   D:4 :


Innate Abilities, Weirdness & Mutations

You are too large for most types of armour.
You have tough skin. (AC +1)
You possess an exceptional clarity of mind.
Your mind is acute. (Int +4, Str/Dex -1)
You are strong-willed. (Will+)
Your system is resistant to poisons. (rPois)


Message History

A profound silence engulfs you.
It was a scroll of silence.
You feel sick. The adder bites you.
* * * LOW HITPOINT WARNING * * *
The hound bites your crimson imp but does no damage.
The scorpion stings your crimson imp but does no damage.
The iguana misses your crimson imp. The necrophage hits your crimson imp.
Send 'em back where they came from!
Your crimson imp shudders.
Your crimson imp hits the scorpion.
It was a potion of attraction.
You feel attractive to monsters.
You feel sick.
The hound closely misses your crimson imp.
The adder closely misses you. The scorpion stings your crimson imp.
The necrophage hits your crimson imp.
Your crimson imp dies!
Your crimson imp disappears in a puff of smoke!
The adder bites you.
* * * LOW HITPOINT WARNING * * *
You are more poisoned.
The adder poisons you!
It was a potion of cancellation.
Your magical effects are unravelling.
You feel magically purged.
Your magical contamination has completely faded away.
Your hearing returns.
You feel sick. The scorpion barely misses you. The adder barely misses you.
The iguana bites you but does no damage.
The scorpion barely misses you.
You feel less attractive to monsters.
It was a potion of brilliance.
You feel clever all of a sudden.
You feel sick. The adder closely misses you. The necrophage hits you.
* * * LOW HITPOINT WARNING * * *
You feel drained. The iguana barely misses you. The scorpion stings you.
* * * LOW HITPOINT WARNING * * *
It was a potion of flight.
You feel more buoyant.
* * * LOW HITPOINT WARNING * * *
You feel sick. The adder bites you.
You die...

##.#....#
#..##..#
#.###'##
#.##§§##
#.#.§§§#
#.'..§§##
####..#'##
####.s##
#.Xl@#
#§hn§S§§§§#
##§§##§§☼§#
#### #§§##
###


You could see a nameless horror, a necrophage, a scorpion, an iguana, a hound
and an adder.

Vanquished Creatures
  A jelly (D:5)
  3 hounds
  3 adders
  A white imp (D:5)
  2 dart slugs
  13 orcs
  An endoplasm (D:3)
  A giant cockroach (D:1)
  3 hobgoblins
  7 jackals
  5 kobolds
  A quokka (D:1)
  8 ball pythons
  3 bats
  A frilled lizard (D:1)
  6 goblins
  3 rats
62 creatures vanquished.

Vanquished Creatures (collateral kills)
  Pikel (D:5)
  2 ice beasts (D:5)
  2 lemures (D:5)
  A necrophage (D:5)
  3 hounds
  A jelly (D:2)
  8 adders
  3 worms
  4 dart slugs
  7 orcs
  3 ball pythons (D:1)
  4 endoplasms
  3 hobgoblins
  5 jackals
  4 kobolds
  2 quokkas
  2 frilled lizards (D:2)
  4 goblins
  A rat (D:2)
60 creatures vanquished.

Vanquished Creatures (others)
  A lemure (D:5)
  A scorpion (D:6)
2 creatures vanquished.

Grand Total: 124 creatures vanquished

Notes
Turn   | Place    | Note
-------+----------+-------------------------------------------
     0 | D:1      | Ashen the Ogre Summoner began the quest for the Orb.
     0 | D:1      | Reached XP level 1. HP: 16/16 MP: 3/3
   134 | D:1      | Reached XP level 2. HP: 13/24 MP: 3/5
   379 | D:1      | You fall into a shaft and drop 1 floor!
   444 | D:1      | Reached XP level 3. HP: 31/31 MP: 2/7
   621 | D:1      | Reached skill level 3 in Spellcasting
  1271 | D:1      | Learned a level 2 spell: Call Imp
  1275 | D:1      | Learned a level 3 spell: Call Canine Familiar
  1303 | D:2      | Reached XP level 4. HP: 36/40 MP: 0/8
  1378 | D:2      | Reached skill level 1 in Fighting
  1764 | D:2      | Reached skill level 1 in Maces & Flails
  1965 | D:2      | Reached XP level 5. HP: 45/48 MP: 7/10
  2354 | D:3      | Found Jarghode's Jewellery Shop.
  2560 | D:3      | Found a sacrificial altar of Ru.
  3571 | D:4      | Reached skill level 4 in Spellcasting
  3793 | D:4      | Reached XP level 6. HP: 50/57 MP: 6/12
  4048 | D:4      | Learned a level 3 spell: Summon Guardian Golem
  4053 | D:4      | Learned a level 4 spell: Summon Lightning Spire
  4075 | D:4      | Found Detutuck's Book Shop.
  4141 | D:5      | Entered Level 5 of the Dungeon
  4195 | D:5      | Noticed an ice beast
  4406 | D:5      | Killed an ice beast
  4851 | D:5      | Reached XP level 7. HP: 64/66 MP: 1/14
  4952 | D:5      | Found a broken altar of Ashenzari.
  5051 | D:5      | Noticed Pikel
  5298 | D:5      | Reached skill level 5 in Spellcasting
  6161 | D:5      | Killed Pikel
  6162 | D:5      | Reached skill level 6 in Spellcasting
  6162 | D:5      | Reached skill level 5 in Summonings
  6162 | D:5      | Reached XP level 8. HP: 79/79 MP: 1/17
  6342 | D:5      | Found a broken altar of Ashenzari.
  6918 | D:6      | Gained mutation: You are strong-willed. (Will+) [potion of
                  | mutation]
  6918 | D:6      | Gained mutation: You possess an exceptional clarity of
                  | mind. [potion of mutation]
  6918 | D:6      | Gained mutation: Your mind is acute. (Int +4, Str/Dex -1)
                  | [potion of mutation]
  6918 | D:6      | Gained mutation: Your system is resistant to poisons.
                  | (rPois) [potion of mutation]
  6923 | D:6      | HP: 3/76 [scorpion (4)]
  6924 | D:6      | Slain by an adder

Illustrated notes

Levels and vault maps discovered:
D:1:      lemuel_arrival_hallway, layout_basic, minmay_bisected
D:2:      layout_rooms, grunt_decor_one_mirror
D:3:      layout_loops_ring, mainiacjoe_overflow_chevrons, serial_shops,
          nicolae_shop_hallway_plus, nicolae_eternal_life
D:4:      layout_basic, serial_shops, nicolae_lakefront_shop
D:5:      layout_rooms, ashenzari_conservatory_becter,
          kennysheep_generic_room_16, uniq_pikel
D:6:      minmay_bubble_buster, layout_basic, nemelex_xobeh_ov_fountains_minmay,
          ebering_ghost_inner_flame

Skill      XL: |  1  2  3  4  5  6  7  8 |
---------------+-------------------------+-----
Dodging        | 2 3 |  3.8
Spellcasting   | 3 4 6 |  6.4
Fighting       | 1 2 4 |  4.6
Stealth        | 2 3 |  3.4
Summonings     | 4 5 |  5.0
Maces & Flails | 1 2 3 |  3.1

Action                   |  1- 3 |  4- 6 |  7- 9 || total
-------------------------+-------+-------+-------++-------
Melee: Mace              |    77 |       |       ||    77
       Unarmed           |     3 |       |       ||     3
       Flail             |       |   112 |    61 ||   173
       Punch             |       |     1 |       ||     1
 Cast: Summon Small Mamm |    30 |    10 |     6 ||    46
       Call Canine Famil |     1 |    26 |    16 ||    43
       Call Imp          |     1 |    16 |    12 ||    29
       Summon Guardian G |       |     2 |     6 ||     8
  Use: Potion            |       |       |     5 ||     5
       Scroll            |       |       |     3 ||     3
 Stab: Sleeping          |       |     2 |     2 ||     4
       Distracted        |       |     2 |       ||     2
Armor: Robe              |    35 |    46 |    26 ||   107
Dodge: Dodged            |    66 |    75 |    63 ||   204
